 Dungeon Sprint DCSS version 0.26-a0-980-g0fe3eaa9ac (webtiles) character file.

Game seed: 4432393815715284654

1091 sahdkjhfkaj the Zephyrmancer (level 8, -12/41 HPs)
             Began as a Tengu Air Elementalist on Dec 5, 2020.
             Was a Believer of Vehumet.
             Mangled by a six-headed hydra (14 damage)
             ... in the Dungeon (Sprint IX: "|||||||||||||||||||||||||||||").
             The game lasted 00:02:35 (1127 turns).

sahdkjhfkaj the Zephyrmancer (TeAE)                 Turns: 1127, Time: 00:02:36

Health: -12/41     AC:  3    Str:  8    XL:     8   Next: 31%
Magic:  12/20      EV: 19    Int: 18    God:    Vehumet [**....]
Gold:   0          SH:  0    Dex: 15    Spells: 12/22 levels left

rFire    . . .     SeeInvis .   k - +2 scimitar "Cismuere" {venom, rElec rN+}
rCold    . . .     Faith    .   (no shield)
rNeg     + . .     Spirit   .   a - +0 robe
rPois    .         Reflect  .   (helmet restricted)
rElec    +         Harm     .   l - +0 cloak
rCorr    .         Rampage  .   (no gloves)
MR       .....     NoTele   +   (boots unavailable)
Stlth    ++........             (no amulet)
HPRegen  0.13/turn              m - +2 ring of evasion
MPRegen  0.17/turn              n - +2 ring of evasion

@: flying quickly and evasively, quick
A: beak, talons 3, able to fly
a: Stop Flying, Renounce Religion


You were in the Dungeon.
You worshipped Vehumet.
Vehumet was pleased with you.
You visited 1 branch

Inventory:

Hand Weapons
 k - the +2 scimitar "Cismuere" (weapon) {venom, rElec rN+}
   (You found it in the Dungeon)

   It poisons the flesh of those it strikes.
   It insulates you from electricity.
   It protects you from negative energy.
Armour
 a - a +0 robe (worn)
 l - a +0 cloak (worn)
Jewellery
 m - a +2 ring of evasion (left hand)
 n - a +2 ring of evasion (right hand)
Wands
 j - a wand of iceblast (9)
Scrolls
 g - 3 scrolls of remove curse
 h - a scroll of blinking
 i - 2 scrolls of amnesia
Potions
 b - a potion of invisibility
 c - 5 potions of curing
 d - 3 potions of heal wounds
 e - a potion of haste
 f - 4 potions of magic


   Skills:
 - Level 2.1 Dodging
 - Level 2.0 Stealth
 + Level 7.5 Spellcasting
 * Level 14.3 Conjurations
 * Level 14.3 Air Magic


You had 12 spell levels left.
You knew the following spells:

 Your Spells              Type           Power        Failure   Level
a - Shock                 Conj/Air       ####         1%          1
b - Airstrike             Air            ######....   1%          4
c - Lightning Bolt        Conj/Air       ######....   1%          5

Your spell library contained the following spells:

 Spells                   Type           Power        Failure   Level
 Magic Dart               Conj           ####         1%          1
 Swiftness                Air            ######..     1%          2
 Static Discharge         Conj/Air       ######..     1%          3


Dungeon Overview and Level Annotations

Branches:
Dungeon (1/1)

Altars:
Cheibriados
Dithmenos
Elyvilon
Fedhas
Gozag
Hepliaklqana
Kikubaaqudgha
Makhleb
Nemelex Xobeh
Okawaru
Qazlal
Ru
Sif Muna
Trog
Uskayaw
Vehumet
Wu Jian
Xom
Yredelemnul
Zin
The Shining One
Beogh
Jiyva
Lugonu


Innate Abilities, Weirdness & Mutations

You have a beak for a mouth.
You have claws for feet.
You can fly continuously.


Message History

Unknown command.
You hear a mighty clap of thunder!
The bolt of lightning hits the six-headed hydra.
The six-headed hydra is lightly wounded.
The six-headed hydra closely misses you.
The six-headed hydra bites you.
The six-headed hydra closely misses you.
The six-headed hydra bites you!
The six-headed hydra completely misses you. x2
Okay, then.
There is an open door to the Dungeon here.
You see here a +0 plate armour.
You see here a +0 pair of boots.
You hear a mighty clap of thunder!
The bolt of lightning hits the six-headed hydra!!!
The six-headed hydra is heavily wounded.
The six-headed hydra bites you! x2
* * * LOW HITPOINT WARNING * * *
The six-headed hydra misses you. The six-headed hydra bites you!
You die...

▓.▓
▓W▓
▓o▓
▓D▓
▓.▓
▓o▓
▓[▓
▓D▓
▓@▓
▓.▓
▓)▓
▓.▓
▓.▓
▓)▓
▓_▓
▓_▓
▓_▓


You could see a six-headed hydra, a wraith, a steam dragon and 2 orcs.

Vanquished Creatures
  A two-headed ogre (D)
  A sky beast (D)
  2 ogres (D)
  A centaur (D)
  A big kobold (D)
  A worker ant (D)
  An adder (D)
  2 leopard geckos (D)
  An orc (D)
  2 bats (D)
  A goblin (D)
  A hobgoblin (D)
  A jackal (D)
16 creatures vanquished.

Notes
Turn   | Place    | Note
-------+----------+-------------------------------------------
     0 | D        | sahdkjhfkaj the Tengu Air Elementalist began the quest for
                  | the Orb.
     0 | D        | Reached XP level 1. HP: 10/10 MP: 4/4
    10 | D        | Reached XP level 2. HP: 13/15 MP: 0/6
   168 | D        | Noticed a centaur
   174 | D        | Reached skill level 5 in Conjurations
   174 | D        | Reached skill level 5 in Air Magic
   178 | D        | Reached XP level 3. HP: 15/19 MP: 0/8
   181 | D        | Killed a centaur
   182 | D        | Reached XP level 4. HP: 20/24 MP: 1/11
   182 | D        | Gained mutation: You can fly continuously. [Tengu growth]
   182 | D        | Reached XP level 5. HP: 23/28 MP: 1/12
   414 | D        | Learned a level 5 spell: Lightning Bolt
   419 | D        | Learned a level 4 spell: Airstrike
   430 | D        | Found a roughly hewn altar of Beogh.
   430 | D        | Found a snail-covered altar of Cheibriados.
   430 | D        | Found a shadowy altar of Dithmenos.
   430 | D        | Found a white marble altar of Elyvilon.
   430 | D        | Found a blossoming altar of Fedhas.
   430 | D        | Found an opulent altar of Gozag.
   431 | D        | Found a hazy altar of Hepliaklqana.
   432 | D        | Found a viscous altar of Jiyva.
   433 | D        | Found an ancient bone altar of Kikubaaqudgha.
   434 | D        | Found a corrupted altar of Lugonu.
   435 | D        | Found a burning altar of Makhleb.
   436 | D        | Found a sparkling altar of Nemelex Xobeh.
   437 | D        | Found an iron altar of Okawaru.
   438 | D        | Found a stormy altar of Qazlal.
   439 | D        | Found a sacrificial altar of Ru.
   440 | D        | Found a shimmering blue altar of Sif Muna.
   441 | D        | Found a bloodstained altar of Trog.
   442 | D        | Found a hide-covered altar of Uskayaw.
   443 | D        | Found a radiant altar of Vehumet.
   444 | D        | Found an ornate altar of the Wu Jian Council.
   445 | D        | Found a shimmering altar of Xom.
   446 | D        | Found a basalt altar of Yredelemnul.
   447 | D        | Found a glowing silver altar of Zin.
   454 | D        | Found a glowing golden altar of the Shining One.
   457 | D        | Became a worshipper of Vehumet
   471 | D        | Got the +2 scimitar "Cismuere" {venom, rElec rN+}
   488 | D        | Noticed a two-headed ogre
   488 | D        | Noticed an ogre
   488 | D        | Noticed a big kobold
   488 | D        | Noticed a sky beast
   488 | D        | Noticed an ogre
   528 | D        | Killed an ogre
   529 | D        | Reached skill level 10 in Conjurations
   529 | D        | Reached skill level 10 in Air Magic
   616 | D        | Killed a big kobold
   617 | D        | Reached skill level 5 in Spellcasting
   617 | D        | Reached XP level 6. HP: 32/32 MP: 8/14
   618 | D        | Killed a sky beast
   618 | D        | Reached * piety under Vehumet
   618 | D        | Offered knowledge of Sandblast by Vehumet.
   839 | D        | Killed a two-headed ogre
   840 | D        | Reached XP level 7. HP: 27/36 MP: 1/18
   840 | D        | Reached XP level 8. HP: 31/41 MP: 1/20
   986 | D        | Offered knowledge of Magic Dart by Vehumet.
   986 | D        | Reached ** piety under Vehumet
  1114 | D        | Noticed a wraith
  1114 | D        | Noticed a six-headed hydra
  1127 | D        | HP: 2/41 [six-headed hydra (13)]
  1127 | D        | Mangled by a six-headed hydra

Illustrated notes

Levels and vault maps discovered:
D:        linesprint [early_d, line_temple, items_1, d_10, items_2, lair_1,
          lair_end, items_3, orc_1, orc_end, items_4, d_15, swamp_1, shoals_1,
          snake_1, spider_1, d_20, vaults_1, items_5, swamp_end, shoals_end,
          snake_end, spider_end, vaults_end, d_27, items_6, zot_1, zot_end,
          crypt_end, forest_end, elf_end, slime_end, tomb_end, abyss_end,
          pan_hell_end]

Skill      XL: |  1  2  3  4  5  6 |
---------------+-------------------+-----
Conjurations   | 4 6 8 10 14 | 14.3
Air Magic      | 6 8 10 14 | 14.3
Spellcasting   | 3 4 5 7 |  7.5
Dodging        | |  2.1
Stealth        | |  2.0

Action                   |  1- 3 |  4- 6 |  7- 9 || total
-------------------------+-------+-------+-------++-------
Melee: Unarmed           |     6 |       |       ||     6
       Kick              |     3 |       |       ||     3
       Scimitar          |       |     1 |     3 ||     4
 Cast: Shock             |     9 |     1 |       ||    10
       Lightning Bolt    |       |     8 |     6 ||    14
       Airstrike         |       |     3 |       ||     3
 Abil: Fly               |       |     1 |       ||     1
Evoke: Wand              |       |     1 |       ||     1
  Use: Potion            |     1 |       |       ||     1
       Scroll            |       |     1 |       ||     1
Armor: Robe              |     3 |       |       ||     3
Dodge: Dodged            |    11 |     3 |     7 ||    21
       Rpst.: Scimitar   |       |       |     1 ||     1

Table legend: (Time is in decaauts)
 A = Elapsed time spent in this place.
 B = Non-inter-level travel time spent in this place.
 C = Inter-level travel time spent in this place.
 D = Time resting spent in this place.
 E = Time spent auto-exploring this place.
 F = Levels seen in this place.
 G = Mean time per level.
                   A        B        C        D        E       F      G
               +--------+--------+--------+--------+--------+-----+--------+
         Total |   1121 |   1121 |      0 |    560 |    271 |   1 | 1121.0 |
       Dungeon |   1121 |   1121 |      0 |    560 |    271 |   1 | 1121.0 |
               +--------+--------+--------+--------+--------+-----+--------+

Top non-repeatable levels by time:
       D: 1121 daAuts
